 Dungeon Crawl Stone Soup version 0.19-a0-1210-g5c1aa26 (webtiles) character file.

193 Rhoefr the Ruffian (level 5, -1/40 HPs)
             Began as a Draconian Transmuter on Aug 22, 2016.
             Slain by a giant frog (5 damage)
             ... in a sewer.
             The game lasted 00:14:19 (3367 turns).

Rhoefr the Ruffian (Draconian Transmuter)           Turns: 3367, Time: 00:14:20

Health: -1/40      AC:  7    Str: 13    XL:     5   Next: 44%
Magic:  3/8        EV: 12    Int: 13    God:
Gold:   204        SH:  0    Dex: 12    Spells: 3 memorised, 2 levels left

rFire  . . .     SeeInvis .       - Unarmed
rCold  . . .     Gourm    .     (armour unavailable)
rNeg   . . .     Faith    .     (no shield)
rPois  .         Spirit   .     (helmet restricted)
rElec  .         Dismiss  .     p - +0 cloak
rCorr  .         Reflect  .     n - +0 pair of gloves
MR     .....     Harm     .     (no boots)
Stlth  +.........               (no amulet)
                                (no ring)
                                (no ring)

@: no status effects
A: unfitting armour, cold-blooded, AC +5
a: no special abilities


You were in a sewer.
You were hungry.

You visited 1 branch of the dungeon, and saw 3 of its levels.
You also visited: Sewer.

You collected 204 gold pieces.

Inventory:

Missiles
 a - 24 arrows
Armour
 n - a +0 pair of gloves (worn)
 p - a +0 cloak (worn)
Scrolls
 d - a scroll of recharging
 e - a scroll of enchant armour {unknown}
 f - a scroll of amnesia
 h - 3 scrolls of teleportation
 k - a scroll of fog {unknown}
 q - a scroll of remove curse
Potions
 g - a potion of degeneration {unknown}
 j - a potion of curing {unknown}
 m - a potion of might
Books
 b - a book of Changes

   Spells                             Type                      Level
   a - Beastly Appendage              Transmutation                1
   b - Sticks to Snakes               Transmutation                2
   c - Spider Form                    Transmutation/Poison         3
   d - Ice Form                       Ice/Transmutation            4
   e - Blade Hands                    Transmutation                5
 o - a book of Frost

   Spells                             Type                      Level
   a - Freeze                         Ice                          1
   b - Throw Frost                    Conjuration/Ice              2
   c - Ozocubu's Armour               Charms/Ice                   3
   d - Throw Icicle                   Conjuration/Ice              4
   e - Summon Ice Beast               Ice/Summoning                4
Comestibles
 c - 2 bread rations
 i - a chunk of flesh
 l - a meat ration


   Skills:
 - Level 1.1 Fighting
 - Level 1.7 Dodging
 * Level 5.3 Unarmed Combat
 - Level 2.0 Spellcasting
 * Level 0.6 Charms
 - Level 3.3 Transmutations
 * Level 0.4 Ice Magic


You had 2 spell levels left.
You knew the following spells:

 Your Spells              Type           Power        Failure   Level  Hunger
a - Beastly Appendage     Tmut           #.....       10%         1    ##.....
b - Sticks to Snakes      Tmut           #.......     12%         2    ###....
c - Ozocubu's Armour      Chrm/Ice       #.......     65%         3    ####...


Dungeon Overview and Level Annotations

Branches:
Dungeon (3/15)

Altars:
Elyvilon
Hepliaklqana
Okawaru

Annotations:
Sewer WhatIsLove's ghost, amateur HOMo


Innate Abilities, Weirdness & Mutations

Your plain brown scales are hard. (AC +5)
Your body does not fit into most forms of armour.
You are cold-blooded and may be slowed by cold attacks.


Message History

You are feeling hungry.
The giant frog gives a loud, deep croak!
Your talons disappear.
The ball python bites you but does no damage.
The ball python grabs you. The ball python constricts you.
You escape the ball python's grasp.
The giant frog closely misses you. The giant frog barely misses you.
The giant frog hits you.
* * * LOW HITPOINT WARNING * * *
The giant frog hits you but does no damage.
WhatIsLove's ghost shrieks, "You will join me soon!"
You enter the shallow water.
Moving in this stuff is going to be slow.
The giant frog hits you.
* * * LOW HITPOINT WARNING * * *
The giant frog hits you but does no damage.
Unknown command.
The giant frog hits you.
You die...

####### #.....########
####.≈≈≈.≈≈≈..≈.########
≈≈≈≈≈≈≈≈≈≈≈≈≈≈≈≈≈≈..∩.∩.#
#####.≈≈≈≈≈≈≈.†..########
#≈≈≈≈≈########
#≈≈≈≈≈##################
#≈≈≈≈≈≈@FS..............
#≈≈≈≈≈≈≈W≈†≈≈≈≈≈≈≈≈≈≈≈≈≈
#.≈≈≈≈≈≈≈≈≈≈≈≈≈≈≈≈≈≈≈≈≈≈
#≈≈≈≈≈≈≈s≈≈≈≈≈≈≈≈≈≈≈≈≈≈≈
#≈≈≈≈≈.≈.........≈≈≈≈≈≈≈
#≈≈≈≈.#######≈≈≈≈≈≈≈≈≈≈≈
#.≈≈≈≈# ≈≈≈≈≈≈≈≈≈≈≈≈≈
#.≈≈≈. ≈≈≈≈≈≈≈≈≈≈≈.≈


You could see a giant frog, WhatIsLove's ghost, a giant cockroach and a ball
python.

Vanquished Creatures
  Crazy Yiuf (D:2)
  3 adders
  2 river rats (D:3)
  3 oozes
  2 worms
  2 dart slugs
  2 giant geckos
  2 orcs (D:3)
  6 bats
  4 giant cockroaches
  5 goblins
  4 hobgoblins
  5 jackals (D:1)
  A quokka (D:2)
  6 ball pythons
  8 giant newts
  7 kobolds
  12 rats
  A plant (D:1)
76 creatures vanquished.

Vanquished Creatures (collateral kills)
  Jessica (D:2)
  A worm (D:2)
2 creatures vanquished.

Grand Total: 78 creatures vanquished

Notes
Turn   | Place    | Note
-------+----------+-------------------------------------------
     0 | D:1      | Rhoefr the Draconian Transmuter began the quest for the Orb.
     0 | D:1      | Reached XP level 1. HP: 16/16 MP: 3/3
    56 | D:1      | Reached XP level 2. HP: 2/23 MP: 5/5
   352 | D:1      | Learned a level 2 spell: Sticks to Snakes
  1064 | D:1      | Reached XP level 3. HP: 10/28 MP: 6/6
  1328 | D:1      | Reached skill level 4 in Unarmed Combat
  1715 | D:2      | Found a hazy altar of Hepliaklqana.
  2143 | D:2      | Reached XP level 4. HP: 35/35 MP: 7/7
  2157 | D:2      | Found a white marble altar of Elyvilon.
  2203 | D:2      | Found a runed door.
  2233 | D:2      | Noticed Jessica
  2246 | D:2      | Killed Jessica
  2421 | D:2      | Noticed Crazy Yiuf
  2438 | D:2      | Killed Crazy Yiuf
  2438 | D:2      | Reached skill level 5 in Unarmed Combat
  2657 | D:3      | Reached XP level 5. HP: 40/40 MP: 8/8
  2660 | D:3      | Found an iron altar of Okawaru.
  3130 | D:3      | Learned a level 3 spell: Ozocubu's Armour
  3146 | D:3      | Found a glowing drain.
  3195 | Sewer    | Entered a sewer
  3319 | Sewer    | Noticed WhatIsLove's ghost (amateur HOMo)
  3367 | Sewer    | Slain by a giant frog

Vault maps used:
D:1:      minmay_arrival_pointy, st_stairs_14, serial_bayou_lagoon_b
D:2:      marbit_many_paths, lemuel_crystal_altar, first_bread,
          uniq_crazy_yiuf_cottage, uniq_jessica
D:3:      serial_forest, infiniplex_forest_clump_small,
          infiniplex_forest_lined_2, infiniplex_forest_straight_3,
          infiniplex_forest_straight_2, infiniplex_forest_diagonal,
          portal_sewer_entry_b, okawaru_metal_pillars_1_2
Sewer:    sewer_frog_island_01

Skill      XL: |  1  2  3  4 |
---------------+-------------+-----
Unarmed Combat | 4 5 |  5.3
Transmutations | 3 |  3.3
Fighting       | |  1.1
Dodging        | |  1.7
Spellcasting   | |  2.0
Charms         | |  0.6
Ice Magic      | |  0.4

Action                   |  1- 3 |  4- 6 || total
-------------------------+-------+-------++-------
Melee: Unarmed           |   238 |   135 ||   373
       Tailslap          |    36 |     9 ||    45
       Kick              |     5 |     7 ||    12
       Headbutt          |     2 |     7 ||     9
       Punch             |     3 |     2 ||     5
 Cast: Beastly Appendage |     6 |    10 ||    16
       Sticks to Snakes  |     1 |     6 ||     7
  Use: Scroll            |       |     6 ||     6
 Stab: Sleeping          |     1 |       ||     1
       Distracted        |       |     1 ||     1
  Eat: Bread ration      |     1 |       ||     1
       Beef jerky        |       |     1 ||     1
       Chunk             |       |     3 ||     3
Armor: Skin              |    47 |    45 ||    92
Dodge: Dodged            |    96 |    75 ||   171
